 Dungeon Crawl Stone Soup version 0.29.1-2-gbd0b4ee654 (console) character file.

Game seed: 12605573217907366023

9 om the Caller (level 2, 0/19 HPs)
             Began as a Merfolk Summoner on Oct 24, 2022.
             Slain by a frilled lizard (2 damage)
             ... on level 1 of the Dungeon.
             The game lasted 00:01:00 (455 turns).

om the Caller (Merfolk Summoner)                     Turns: 455, Time: 00:01:01

Health: 0/19       AC:  2    Str:  8    XL:     2   Next: 12%
Magic:  5/5        EV: 13    Int: 14    God:
Gold:   42         SH:  0    Dex: 14    Spells: 4/5 levels left

rFire   . . .      SeeInvis .   c - +0 dagger
rCold   + . .      Faith    .   (no shield)
rNeg    . . .      Spirit   .   a - +0 robe
rPois   .          Reflect  .   (no helmet)
rElec   .          Harm     .   (no cloak)
rCorr   .          Rampage  .   (no gloves)
Will    .....                   (no boots)
Stlth   ++........              (no amulet)
HPRegen 0.06/turn               d - ring of protection from cold
MPRegen 0.09/turn               (no ring)

@: no status effects
A: (nimble swimmer 2), mertail
a: no special abilities


You were on level 1 of the Dungeon.
You visited 1 branch of the dungeon, and saw 1 of its levels.

You collected 42 gold pieces.

Inventory:

Hand Weapons
 c - a +0 dagger (weapon)
Armour
 a - a +0 robe (worn)
Jewellery
 d - a ring of protection from cold (left hand)
Potions
 e - a potion of mutation {unknown}


   Skills:
 + Level 3.0 Dodging
 + Level 2.4 Stealth
 + Level 2.1 Spellcasting
 * Level 4.1 Summonings


You had 4 spell levels left.
You knew the following spells:

 Your Spells              Type           Power      Damage    Failure   Level
a - Summon Small Mammal   Summ           52%        N/A       4%          1

Your spell library contained the following spells:

 Spells                   Type           Power      Damage    Failure   Level
 Call Imp                 Summ           13%        N/A       6%          2
 Call Canine Familiar     Summ           13%        N/A       13%         3
 Summon Guardian Golem    Hex/Summ       7%         N/A       30%         3
 Summon Lightning Spire   Summ/Air       7%         N/A       69%         4


Dungeon Overview and Level Annotations

Branches:
Dungeon (1/15)

Altars:


Innate Abilities, Weirdness & Mutations

((You are very nimble when in or above water. (Stealth+, EV+, Speed+++)))
Your lower body shifts to a powerful aquatic tail in water.


Message History

You are too injured to fight recklessly!
Okay, then.
Casting: Summon Small Mammal (safe; 4% risk of failure)
Confirm with . or Enter, or press ? or * to list all spells.
The frilled lizard hisses angrily.
The ball python barely misses you. x2; The ball python misses you.
The ball python grabs you. The ball python constricts you.
* * * LOW HITPOINT WARNING * * *
The kobold barely misses you. The rat closely misses you.
You escape the ball python's grasp.
The rat attacks as you move away! The rat bites you.
* * * LOW HITPOINT WARNING * * *
The giant cockroach completely misses you.
Your quokka closely misses the kobold.
The giant cockroach bites you but does no damage.
Your quokka bites the kobold.
The kobold dies!
The rat attacks as you move away! The rat bites you.
* * * LOW HITPOINT WARNING * * *
The ball python completely misses your quokka.
The ball python barely misses your quokka.
The giant cockroach barely misses you. The rat attacks as you move away!
The rat bites you but does no damage.
The ball python attacks as you move away!
The ball python misses you. x2; Your quokka barely misses the rat.
The giant cockroach bites you.
* * * LOW HITPOINT WARNING * * *
Casting: Summon Small Mammal (safe; 4% risk of failure)
Confirm with . or Enter, or press ? or * to list all spells.
Okay, then.
Your quokka bites the rat.
The rat dies!
Your Dodging skill increases to level 3!
The ball python bites you but does no damage.
The ball python barely misses you. Something misses your quokka.
The frilled lizard completely misses you.
The frilled lizard barely misses you.
The frilled lizard attacks as you move away!
The frilled lizard bites you.
You die...

.....##... #######._.####
........# ##....8.
...!...##################.#.
......................#...#.
..>....#.............)#'###.
.......#..).r.........#.....
...........B#.........######
.......#..Sl#B..............
...........@#r........######
..........†...........#
.......######.........#
....... #.........# ......#
#.........# .?...#
########### ####


You could see a giant cockroach, a ball python (ally target), a frilled lizard
and a friendly quokka (summoned).

Vanquished Creatures
  A kobold (D:1)
  A goblin (D:1)
2 creatures vanquished.

Vanquished Creatures (collateral kills)
  A bat (D:1)
  2 goblins (D:1)
  A ball python (D:1)
  A frilled lizard (D:1)
  A kobold (D:1)
  A rat (D:1)
7 creatures vanquished.

Grand Total: 9 creatures vanquished

Notes
Turn   | Place    | Note
-------+----------+-------------------------------------------
     0 | D:1      | om the Merfolk Summoner began the quest for the Orb.
     0 | D:1      | Reached XP level 1. HP: 13/13 MP: 3/3
   253 | D:1      | Found a faded altar of an unknown god.
   425 | D:1      | Reached XP level 2. HP: 19/19 MP: 0/5
   455 | D:1      | Slain by a frilled lizard

Illustrated notes

Levels and vault maps discovered:
D:1:      dpeg_arrival_boxorama, layout_rooms, shapermc_ecumenical_altar_ellora

Skill      XL: |  1  2 |
---------------+-------+-----
Dodging        | 3 |  3.0
Stealth        | |  2.4
Spellcasting   | |  2.1
Summonings     | |  4.1

Action                   || total
-------------------------++-------
Melee: Dagger            ||    21
       Unarmed           ||     5
       Punch             ||     1
 Cast: Summon Small Mamm ||    10
  Use: Potion            ||     1
Armor: Robe              ||    12
Dodge: Dodged            ||    65
